 Dungeon Crawl Stone Soup version 0.30-b1-2-g02819fbbbe (webtiles) character file.

Game seed: 17798763154645706007

534 Alarkh the Insei (level 7, 52/52 HPs)
             Began as a Demonspawn Delver on May 22, 2023.
             Got out of the dungeon alive.
             The game lasted 00:03:40 (2394 turns).

Alarkh the Insei (Demonspawn Delver)                Turns: 2394, Time: 00:03:40

Health: 52/52      AC: 11    Str: 10 (12) XL:     7   Next: 4%
Magic:  7/7        EV: 10    Int: 11 (14) God:
Gold:   133        SH:  0    Dex: 19 (20) Spells: 6/6 levels left

rFire   . .          .
                       - Unarmed
rCold   . . .        (no shield)
rNeg    . . .        g - +0 ring mail
rPois   +            q - +4 helmet "Hopnysh" {rPois Will+}
rElec   .            B - +0 cloak
rCorr   .            (no gloves)
SInv    .            (no boots)
Will    +....        (no amulet)
Stlth   ++           x - +6 ring of dexterity
HPRegen 0.28/turn    v - ring of poison resistance
MPRegen 0.20/turn

%: no passive effects
@: no status effects
A: claws 1, hooves 2, magic regeneration
a: no special abilities


You escaped.
You visited 1 branch of the dungeon, and saw 5 of its levels.

You collected 133 gold pieces.

Inventory:

Armour
 a - a +0 leather armour
 g - a +0 ring mail (worn)
 q - the +4 helmet "Hopnysh" (worn) {rPois Will+}
   (You acquired it on level 1 of the Dungeon)

   rPois:     It protects you from poison.
   Will:      It increases your willpower.
 B - a +0 cloak (worn)
Jewellery
 v - a ring of poison resistance (right claw)
 x - a +6 ring of dexterity (left claw)
Wands
 f - a wand of digging (3)
 i - a wand of acid (1)
 j - a wand of polymorph (11)
 p - a wand of flame (30)
Scrolls
 b - 3 scrolls of fog
 c - 2 scrolls of magic mapping
 d - a scroll of fear
 h - a scroll of butterflies
 k - a scroll of amnesia
 m - a scroll of identify
 t - a scroll of enchant armour {unknown}
 u - a scroll of noise {unknown}
 y - a scroll of blinking {unknown}
 A - a scroll of vulnerability {unknown}
Potions
 e - a potion of haste
 l - a potion of brilliance
 n - a potion of attraction
 o - 2 potions of berserk rage
 r - a potion of curing
 s - a potion of degeneration
 w - a potion of resistance
 z - a potion of magic


   Skills:
 - Level 3.0 Fighting
 - Level 1.7 Dodging
 - Level 4.5 Stealth
 + Level 7.1 Unarmed Combat


You had 6 spell levels left.
You didn't know any spells.
Your spell library contained the following spells:

 Spells                   Type           Power      Damage    Failure   Level
 Blink                    Tloc           0%         N/A       80%         2
 Lesser Beckoning         Tloc           0%         N/A       80%         2
 Momentum Strike          Conj/Tloc      0%         3d8       80%         2


Dungeon Overview and Level Annotations

Branches:
Dungeon (5/15)
 Temple: D:4-7

Altars:
Hepliaklqana
Kikubaaqudgha
Ru

Annotations:
D:3 Suckerboh's ghost, amateur AtHu


Innate Abilities, Weirdness & Mutations

You have sharp fingernails.
You have hoof-like feet.
You regenerate magic rapidly.


Message History

You barely miss the orc wizard.
The orc wizard is lightly wounded.
The orc wizard hits you but does no damage.
You closely miss the orc wizard.
The orc wizard is lightly wounded.
The orc wizard barely misses you.
You scratch the orc wizard.
The orc wizard is moderately wounded.
The orc wizard hits you with a +0 dagger.
You claw the orc wizard! You kick the orc wizard.
You kill the orc wizard!
You have reached level 7!
Your demonic ancestry asserts itself...
Your magic begins to regenerate rapidly.
The helpless ball python fails to defend itself.
You scratch the ball python.
You kill the ball python!
No target in view!
No target in view!
No target in view!
No target in view!
No target in view!
No target in view!
No target in view!
(D) Dungeon
Where to? (Enter - D:3, ? - help)
What level of the Dungeon? (default 1, ? - help)
You open the door.
There is an open door here.
HP restored.
There is a stone staircase leading up here.
You climb upwards.
There is a stone staircase leading down here.
There is a stone staircase leading up here.
You climb upwards.
There is a stone staircase leading down here.
There is an open door here.
There is a staircase leading out of the dungeon here.
Are you sure you want to leave the Dungeon?
This will make you lose the game!
You have escaped!

#####......# ##.# #.
##..........# #.## ##
#..########[# #..###.
#...........# ##..##.
#...#####...# ##..#.
#...#...#...# ##.#.
#.###.8.###.########.##
#.#.......#...........^
#[+.8.@.8.'............
#.#.......#............
#.###.8.###............
#...#...#..............
#...#####..............
#.....................#
#.#########...........#
#.....................#
############..........#


There were no monsters in sight!

Vanquished Creatures
  An ogre (D:5)
  A scorpion (D:5)
  4 killer bees (D:5)
  A hound (D:5)
  2 iguanas
  An orc wizard (D:3)
  4 adders
  A shadow imp (D:5)
  3 worms
  A dart slug (D:2)
  3 orcs (D:4)
  10 ball pythons
  6 bats
  6 endoplasms
  3 giant cockroaches
  2 hobgoblins
  3 jackals (D:2)
  2 quokkas
  A frilled lizard (D:1)
  3 goblins
  9 kobolds
  3 rats
70 creatures vanquished.

Notes
Turn   | Place    | Note
-------+----------+-------------------------------------------
     0 | D:5      | Alarkh the Demonspawn Delver began the quest for the Orb.
     0 | D:5      | Reached XP level 1. HP: 18/18 MP: 1/1
     6 | D:5      | Noticed an ogre
    40 | D:5      | Noticed an iguana
    48 | D:5      | Killed an iguana
    49 | D:5      | Reached skill level 3 in Unarmed Combat
    49 | D:5      | Discovered your monstrous ancestry.
    49 | D:5      | Gained mutation: You have sharp fingernails. [demonic
                  | ancestry]
    49 | D:5      | Reached XP level 2. HP: 24/24 MP: 2/2
    49 | D:5      | Noticed a killer bee
    49 | D:5      | Noticed a killer bee
    49 | D:5      | Noticed a killer bee
    49 | D:5      | Noticed a killer bee
    54 | D:5      | Killed a killer bee
    54 | D:5      | Killed a killer bee
    55 | D:5      | Reached skill level 4 in Unarmed Combat
    55 | D:5      | Reached XP level 3. HP: 25/29 MP: 3/3
    55 | D:5      | Gained mutation: You have large cloven feet. [demonic
                  | ancestry]
    55 | D:5      | Reached XP level 4. HP: 30/35 MP: 4/4
    61 | D:5      | Reached skill level 5 in Unarmed Combat
    61 | D:5      | Gained mutation: You have hoof-like feet. [demonic
                  | ancestry]
    61 | D:5      | Reached XP level 5. HP: 10/41 MP: 5/5
   326 | D:5      | Found a hazy altar of Hepliaklqana.
   348 | D:5      | Killed an ogre
   349 | D:5      | Reached skill level 6 in Unarmed Combat
   349 | D:5      | Reached XP level 6. HP: 22/47 MP: 6/6
  1301 | D:2      | Found an ancient bone altar of Kikubaaqudgha.
  2154 | D:1      | Identified a scroll of acquirement
  2154 | D:1      | Acquired the +4 helmet "Hopnysh" {rPois Will+}
  2284 | D:3      | Noticed Suckerboh's ghost (amateur AtHu)
  2315 | D:3      | Found a sacrificial altar of Ru.
  2321 | D:3      | Reached skill level 7 in Unarmed Combat
  2330 | D:3      | Gained mutation: You regenerate magic rapidly. [demonic
                  | ancestry]
  2330 | D:3      | Reached XP level 7. HP: 49/52 MP: 7/7
  2394 | D:$      | Got out of the dungeon alive.

Illustrated notes

Levels and vault maps discovered:
D:1:      dpeg_arrival_simpleton_c, layout_basic
D:2:      layout_rooms, basic_altar
D:3:      layout_basic, nzn_wu_jian_contemplation,
          nicolae_ru_great_annihilating_truth, hellmonk_ghost_happy_afterlife,
          minmay_cupped, uniq_sigmund
D:4:      minmay_chambers_of_twos, layout_rooms, hangedman_decor_peaks_small,
          kennysheep_nondescript, minmay_crystal_room, nicolae_wormholes,
          uniq_robin
D:5:      layout_loops_ring, mainiacjoe_overflow_cross_hatched

Skill      XL: |  1  2  3  4  5  6 |
---------------+-------------------+-----
Unarmed Combat | 3 4 5 6 7 |  7.1
Fighting       | |  3.0
Dodging        | |  1.7
Stealth        | |  4.5

Action                     |  1- 3 |  4- 6 |  7- 9 || total
---------------------------+-------+-------+-------++-------
  Melee: Unarmed           |       |   127 |     1 ||   128
         Kick              |       |    32 |       ||    32
         Punch             |       |     5 |       ||     5
  Evoke: Wand              |     4 |     6 |       ||    10
    Use: Potion            |       |     6 |       ||     6
         Scroll            |       |     4 |       ||     4
   Stab: Sleeping          |       |    12 |     1 ||    13
 Armour: Ring mail         |     1 |    43 |       ||    44
  Dodge: Dodged            |       |    72 |       ||    72
